Map: Cerulean Fall LE

Players

Neeb - Winner!

  • Race: Protoss Protoss
  • League: Master
  • Spawn Location: 7:00

SpeCial

  • Race: Terran Terran
  • Spawn Location: 1:00

Event: IEM Season 13 - Katowice Server Qualifiers America

VOD

Have the link to the VOD?

Description

Time

  • Played on: Jan. 6, 2019, 6:09 p.m.
  • Length: 7:44

All games in this series

Show
View Real Time Build Order
Export as new Build Order

Neeb Protoss - Winner!

Build Orders: 1 Gate Expand, Oracle Opening 

Get SALT Encoding   

  12  0:00  Probe  
  13  0:12  Probe  
  14  0:17  Pylon  
  14  0:24  Probe  
  15  0:32  Probe  
  15  0:37  Gateway  
  15  0:40  Probe  
  16  0:45  Assimilator  
  17  0:51  Probe  
  18  1:03  Probe  
  19  1:15  Probe  
  20  1:25  Nexus  
  20  1:33  Cybernetics Core  
  20  1:35  Probe  
  21  1:41  Assimilator  
  21  1:48  Probe  
  21  1:52  Pylon  
  22  1:59  Probe  
  23  2:07  Probe  
  23  2:15  Stargate, Probe  
  24  2:19  Adept  
  27  2:24  Probe  
  27  2:27  Pylon  
  28  2:32  Probe, Warp Gate  
  28  2:34  Probe  
  29  2:40  Probe  
  29  2:42  Probe  
  31  2:48  Adept  
  34  2:51  Probe  
  34  2:52  Oracle, Probe  
  36  3:04  Probe x2  
  41  3:10  Pylon  
  41  3:16  Probe, Stalker  
  41  3:19  Probe  
  45  3:28  Probe  
  45  3:29  Oracle  
  45  3:31  Probe  
  47  3:37  Gateway  
  47  3:38  Gateway  
  51  3:41  Probe  
  51  3:45  Probe  
  52  3:53  Probe  
  53  3:57  Probe  
  53  3:59  Oracle, Pylon  
  54  4:05  Nexus, Probe  
  58  4:11  Probe  
  58  4:13  Assimilator  
  58  4:16  Assimilator  
  59  4:17  Probe  
  59  4:23  Probe  
  61  4:30  Probe  
  62  4:32  Forge  
  62  4:33  Twilight Council  
  62  4:35  Probe  
  63  4:42  Probe  
  64  4:48  Probe  
  62  4:54  Probe  
  62  4:59  Protoss Ground Armor Level 1  
  63  5:00  Probe, Gateway  
  63  5:01  Gateway  
  63  5:03  Gateway  
  63  5:04  Gateway  
  63  5:05  Charge, Sentry, Gateway  
  63  5:06  Sentry, Probe  
  69  5:20  Probe  
  70  5:22  Sentry  
  70  5:24  Probe  
  70  5:25  Probe  
  71  5:32  Photon Cannon  
  71  5:33  Probe  
  71  5:34  Pylon  
  72  5:36  Stalker x2  
  72  5:40  Pylon  
  76  5:44  Shield Battery  
  76  5:47  Shield Battery  
  76  5:49  Shield Battery  
  76  5:51  Stalker  
  76  5:52  Pylon  
  76  5:56  Photon Cannon  
  78  5:58  Adept x3  
  78  6:01  Adept  
  78  6:03  Adept  
  88  6:05  Adept  
  88  6:06  Adept  
  76  6:26  Stalker x6  
  76  6:32  Zealot x2  
  79  6:40  Probe  
  79  6:42  Probe  
  82  6:51  Zealot x6  
  82  6:52  Robotics Facility  
  82  6:53  Zealot  
  95  6:55  Zealot  
  95  6:56  Probe  
  98  7:12  Stalker  
  98  7:13  Stalker  
  100  7:20  Probe  
  100  7:21  Probe  
  96  7:25  Stalker x2  
  94  7:30  Probe  
Show
View Real Time Build Order
Export as new Build Order

SpeCial Terran 

Build Orders:  

Get SALT Encoding   

  12  0:00  SCV  
  13  0:13  SCV  
  14  0:18  Supply Depot  
  14  0:25  SCV  
  15  0:39  SCV  
  15  0:40  Barracks  
  16  0:44  Refinery  
  16  0:51  SCV  
  17  1:03  SCV  
  18  1:16  SCV  
  19  1:27  Marine  
  19  1:28  Orbital Command  
  20  1:42  Command Center  
  20  1:46  Barracks Reactor  
  20  1:55  SCV  
  20  1:59  Supply Depot  
  21  2:06  Factory  
  21  2:10  SCV  
  22  2:18  Refinery  
  22  2:22  Marine, Reaper, SCV  
  25  2:34  SCV  
  26  2:41  Marine  
  27  2:46  SCV  
  27  2:51  Starport  
  28  2:54  Marine  
  28  2:56  Factory Tech Lab  
  28  2:58  SCV  
  30  3:03  Orbital Command  
  30  3:10  Marine, SCV  
  30  3:12  Marine  
  33  3:16  Cyclone  
  36  3:23  SCV  
  37  3:27  Marine  
  37  3:29  SCV, Starport Tech Lab  
  37  3:30  Marine  
  39  3:35  SCV  
  39  3:39  Supply Depot  
  40  3:41  SCV  
  40  3:45  Marine  
  40  3:47  SCV  
  40  3:48  Marine  
  44  3:56  SCV  
  44  4:00  Banshee  
  44  4:01  Siege Tank  
  51  4:05  Supply Depot  
  51  4:07  Supply Depot  
  51  4:08  Marine x2  
  53  4:11  SCV  
  54  4:23  Barracks x2  
  54  4:26  Marine  
  54  4:27  SCV x2, Supply Depot  
  54  4:28  Marine  
  58  4:37  Siege Tank  
  58  4:39  SCV x2  
  58  4:44  Marine  
  57  4:46  Marine  
  57  4:51  SCV x2  
  59  4:53  Banshee  
  62  5:02  Marine  
  62  5:03  SCV x2  
  62  5:06  Supply Depot  
  65  5:08  Marine  
  66  5:15  SCV x2  
  66  5:20  Marine, Siege Tank  
  71  5:26  Marine x2  
  71  5:27  SCV  
  71  5:28  SCV  
  75  5:33  Marine  
  76  5:38  Marine, Supply Depot  
  76  5:39  SCV  
  76  5:40  SCV  
  79  5:44  Marine x2, Banshee  
  84  5:53  SCV  
  84  5:54  SCV  
  86  5:58  Refinery  
  86  6:00  Marine, Supply Depot  
  86  6:02  Marine x2, Factory Reactor  
  89  6:05  SCV  
  89  6:07  Marine, SCV  
  89  6:09  Engineering Bay  
  92  6:15  Bunker x2  
  92  6:17  Marine  
  91  6:23  Marine x2  
  91  6:24  SCV  
  84  6:26  Marine  
  76  6:35  Marine  
  76  6:37  SCV  
  71  6:40  SCV  
  71  6:41  Marine  
  71  6:43  Marine  
  74  6:47  Starport Reactor  
  74  6:49  Refinery  
  74  6:52  Barracks  
  74  6:53  Barracks, Widow Mine x2  
  78  6:54  SCV x2  
  78  6:55  Supply Depot  
  78  6:58  Marine x2  
  81  7:01  Marine  
  81  7:02  Marauder  
  81  7:06  SCV x2  
  86  7:16  Marine x2  
  86  7:17  Widow Mine x2  
  86  7:18  SCV x2  

Tags
 
Add a new tag
Caveats
  • Supply blocks, unpowered buildings, or Contaminate may cause inaccurate times.
  • Supply counts are checked every 10 seconds.